 Dungeon Crawl Stone Soup version 0.18.1-6-gd335043 (webtiles) character file.

198 epen the Ruffian (level 5, -3/53 HPs)
             Began as a Troll Fighter on May 19, 2016.
             Slain by a worker ant (4 damage)
             ... on level 4 of the Dungeon.
             The game lasted 00:04:23 (2282 turns).

epen the Ruffian (Troll Fighter)                    Turns: 2282, Time: 00:04:25

Health: -3/53      AC:  5    Str: 25    XL:     5   Next: 47%
Magic:  13/13      EV: 10    Int:  1    God:
Gold:   121        SH:  0    Dex:  9    Spells: 0 memorised, 4 levels left

rFire  . . .     SeeInvis .       - Unarmed
rCold  . . .     Gourm    +     a - +0 robe
rNeg   . . .     Faith    .     (no shield)
rPois  .         Spirit   .     (helmet restricted)
rElec  .         Dismiss  .     (no cloak)
rCorr  .         Reflect  .     (gloves unavailable)
SustAt .         Harm     .     (boots unavailable)
MR     .....                    k - amulet of magic regeneration
Stlth  +.........               o - ring of magical power
                                t - -3 ring of intelligence (curse)

@: lethally poisoned (-3 -> -15), not resistant to hostile enchantments, very
unstealthy
A: unfitting armour, claws 3, fast metabolism 3, gourmand, regeneration 2,
shaggy fur 1, tough skin 2
a: no special abilities


You were on level 4 of the Dungeon.
You were very hungry.

You visited 1 branch of the dungeon, and saw 4 of its levels.

You collected 121 gold pieces.

Inventory:

Armour
 a - a +0 robe (worn)
 b - a +0 shield
Jewellery
 k - an amulet of magic regeneration (around neck)
 o - a ring of magical power (right claw)
 t - a cursed -3 ring of intelligence (left claw)
Scrolls
 f - 2 scrolls of fog {unknown}
 i - 2 scrolls of identify {unknown}
 n - a scroll of noise {unknown}
 p - a scroll of enchant armour {unknown}
 q - a scroll of immolation {unknown}
 s - a scroll of fear {unknown}
 u - a scroll of recharging {unknown}
Potions
 c - a potion of might
 e - a potion of lignification {unknown}
 g - a potion of heal wounds {unknown}
 h - a potion of berserk rage {unknown}
 j - 6 potions of curing {unknown}
 l - a potion of degeneration {unknown}
 m - a potion of magic {unknown}
Comestibles
 d - 4 bread rations
 r - a meat ration


   Skills:
 + Level 3.0 Fighting
 + Level 1.3 Armour
 * Level 3.6 Dodging
 - Level 2.4 Shields
 * Level 3.7 Unarmed Combat


You had 4 spell levels left.
You didn't know any spells.

Dungeon Overview and Level Annotations

Branches:
Dungeon (4/15)
 Temple: D:4-7

Altars:
Gozag
Pakellas


Innate Abilities, Weirdness & Mutations

You are too large for most types of armour.
You have claws for hands.
Your metabolism is lightning-fast.
You like to eat raw meat.
You heal very quickly.
You are covered in fur (AC +1).
You have very tough skin (AC +2).


Message History

You are too injured to fight recklessly!
You are too injured to fight recklessly!
You claw the worker ant!
The worker ant is almost dead.
You feel sick. The worker ant barely misses you.
The giant gecko skeleton bites you.
* * * LOW HITPOINT WARNING * * *
You closely miss the worker ant.
The worker ant is almost dead.
You feel sick. The worker ant bites you.
* * * LOW HITPOINT WARNING * * *
You are lethally poisoned!
The worker ant poisons you!
You closely miss the worker ant.
The worker ant is almost dead.
* * * LOW HITPOINT WARNING * * *
You feel sick. The giant gecko skeleton bites you.
* * * LOW HITPOINT WARNING * * *
The worker ant bites you.
You die...

#... #... ## #..#
#.##..## ##
+......# ...
#....<.# ...
#.##..## ..#
##.##..###...###
.........@a......
.....[....Z..(...
..!...........##.
######..###...#
#..# #### ....
..... #....


You could see a worker ant and a giant gecko skeleton.

Vanquished Creatures
  An orc wizard (D:3)
  Terence (D:2)
  4 gnolls (D:3)
  5 adders
  A worm (D:1)
  4 dart slugs
  A giant gecko (D:3)
  4 orcs (D:3)
  9 bats
  5 giant cockroaches
  2 goblins
  5 hobgoblins
  A ball python (D:1)
  5 giant newts
  3 kobolds
  5 rats
56 creatures vanquished.

Vanquished Creatures (others)
  A troll (D:2)
1 creature vanquished.

Grand Total: 57 creatures vanquished

Notes
Turn   | Place    | Note
--------------------------------------------------------------
     0 | D:1      | epen the Troll Fighter began the quest for the Orb.
     0 | D:1      | Reached XP level 1. HP: 22/22 MP: 0/0
   406 | D:1      | Reached XP level 2. HP: 29/29 MP: 1/1
   949 | D:2      | Reached XP level 3. HP: 34/36 MP: 2/2
  1019 | D:2      | Found an oddly glowing altar of Pakellas.
  1019 | D:2      | Noticed an orange crystal statue
  1020 | D:2      | Noticed a troll
  1030 | D:2      | Killed a troll
  1164 | D:2      | Found an opulent altar of Gozag.
  1207 | D:2      | Noticed Terence
  1223 | D:2      | Killed Terence
  1267 | D:2      | Reached XP level 4. HP: 43/44 MP: 3/3
  1554 | D:3      | HP: 2/44 [gnoll/club (5)]
  1564 | D:3      | Reached skill level 1 in Armour
  1622 | D:3      | Reached XP level 5. HP: 8/52 MP: 4/4
  2282 | D:4      | HP: 1/53 [giant gecko skeleton (4)]
  2282 | D:4      | Slain by a worker ant

Skill      XL: |  1  2  3  4  5 |
---------------+----------------+-----
Dodging        | 3 |  3.6
Unarmed Combat | 3 |  3.7
Armour         | 1 |  1.3
Fighting       | 3 |  3.0
Shields        | |  2.4

Action                   |  1- 3 |  4- 6 || total
-------------------------+-------+-------++-------
Melee: Unarmed           |    68 |    87 ||   155
  Eat: Chunk             |     8 |     9 ||    17
Armor: Robe              |    24 |    24 ||    48
Dodge: Dodged            |    39 |    52 ||    91
